 Dungeon Crawl Stone Soup version 0.20-a0-453-g91466d2 (webtiles) character file.

71 Kriby the Magician (level 4, 0/30 HPs)
             Began as a Mummy Fire Elementalist on Jan 8, 2017.
             Slain by a gnoll
             ... wielding a +2 flail of protection
              (8 damage)
             ... on level 2 of the Dungeon.
             The game lasted 00:01:39 (2219 turns).

Kriby the Magician (Mummy Fire Elementalist)        Turns: 2219, Time: 00:01:39

Health: 0/30       AC:  2    Str: 11    XL:     4   Next: 5%
Magic:  2/9        EV: 12    Int: 15    God:
Gold:   35         SH:  0    Dex: 12    Spells: 8/9 levels left

rFire  x . .     SeeInvis .     e - +0 dagger
rCold  + . .     Gourm    .     a - +0 robe
rNeg   + + +     Faith    .     (no shield)
rPois  ∞         Spirit   .     (no helmet)
rElec  .         Reflect  .     (no cloak)
rCorr  .         Harm     .     (no gloves)
MR     .....                    (no boots)
Stlth  ++........               (no amulet)
                                (no ring)
                                (no ring)

@: very slightly contaminated
A: no food or potions, fire vulnerability, cold resistance 1, negative energy
resistance 3, torment resistance, unbreathing
a: no special abilities


You were on level 2 of the Dungeon.
You were not hungry.

You visited 1 branch of the dungeon, and saw 2 of its levels.

You collected 35 gold pieces.

Inventory:

Hand Weapons
 e - a +0 dagger (weapon)
Armour
 a - a +0 robe (worn)
Scrolls
 c - 2 scrolls of remove curse {unknown}
 d - a scroll of immolation {unknown}
Books
 b - a book of Flames

   Spells                             Type                      Level
   a - Flame Tongue                   Conjuration/Fire             1
   b - Throw Flame                    Conjuration/Fire             2
   c - Conjure Flame                  Conjuration/Fire             3
   d - Inner Flame                    Hexes/Fire                   3
   e - Sticky Flame                   Conjuration/Fire             4
   f - Fireball                       Conjuration/Fire             5


   Skills:
 - Level 1.5 Dodging
 - Level 1.5 Stealth
 + Level 3.4 Spellcasting
 * Level 2.4 Conjurations
 + Level 2.8 Fire Magic


You had 8 spell levels left.
You knew the following spells:

 Your Spells              Type           Power        Failure   Level  Hunger
a - Flame Tongue          Conj/Fire      ##...        8%          1    N/A

Dungeon Overview and Level Annotations

Branches:
Dungeon (2/15)

Altars:
Dithmenos


Innate Abilities, Weirdness & Mutations

You do not eat or drink.
Your flesh is vulnerable to fire.
You are immune to poison.
Your flesh is cold resistant. (rC+)
You are immune to negative energy. (rN+++)
You are immune to unholy pain and torment.
You can survive without breathing.


Message History

Aim: a gnoll, wielding a flail of protection The flame tongue hits the gnoll.
The gnoll appears unharmed.
Casting: Flame Tongue
Confirm with . or Enter, or press ? or * to list all spells.
Aiming: Flame Tongue
Press: ? - help, Shift-Dir - straight line, f/p - gnoll
Aim: a gnoll, wielding a flail of protection The flame tongue hits the gnoll.
The gnoll is moderately wounded.
The gnoll hits you with a flail of protection!
* * * LOW HITPOINT WARNING * * *
Casting: Flame Tongue
Confirm with . or Enter, or press ? or * to list all spells.
Aiming: Flame Tongue
Press: ? - help, Shift-Dir - straight line, f/p - gnoll
Aim: a gnoll, wielding a flail of protection (moderately wounded)
The flame tongue hits the gnoll.
The gnoll is almost dead.
The gnoll hits you with a flail of protection!
You die...

###§§.##### #>#§#.....#
###### ##§§§#....#
.....########§#§#§#...#
####........§§§§.§....#
#############§#§#§#>..#
..# ##§§§#)...# ..##
#§#§#.....# #..#
#§§.@.....#
...##########..)g.....#
#......)....#.........#
...########.......#####
#.......# #######..<.
#.#.###.... #.###
#.#g### # #.# #.#...#
.# #.###.###


You could see a gnoll.

Vanquished Creatures
  3 gnolls (D:2)
  A worm (D:2)
  3 leopard geckos (D:1)
  3 giant cockroaches
  4 hobgoblins (D:1)
  3 jackals (D:1)
  4 kobolds
  A ball python (D:1)
  3 bats (D:1)
  A frilled lizard (D:2)
  5 goblins
  4 rats (D:1)
35 creatures vanquished.

Notes
Turn   | Place    | Note
-------+----------+-------------------------------------------
     0 | D:1      | Kriby the Mummy Fire Elementalist began the quest for the Orb.
     0 | D:1      | Reached XP level 1. HP: 13/13 MP: 4/4
   148 | D:1      | Reached skill level 1 in Conjurations
   404 | D:1      | Reached XP level 2. HP: 19/19 MP: 1/5
  1421 | D:1      | Reached XP level 3. HP: 24/24 MP: 1/7
  1573 | D:1      | Reached skill level 3 in Spellcasting
  1689 | D:2      | Found a shadowy altar of Dithmenos.
  2185 | D:2      | Reached XP level 4. HP: 14/30 MP: 3/9
  2219 | D:2      | Slain by a gnoll

Vault maps used:
D:1:      wheals_arrival_linesprint
D:2:      grunt_dithmenos_smoke_and_mirrors, minmay_misc_feat_roman

Skill      XL: |  1  2  3 |
---------------+----------+-----
Conjurations   | 1 2 |  2.4
Spellcasting   | 3 |  3.4
Dodging        | |  1.5
Stealth        | |  1.5
Fire Magic     | |  2.8

Action                   |  1- 3 |  4- 6 || total
-------------------------+-------+-------++-------
Melee: Unarmed           |    19 |       ||    19
       Dagger            |     2 |       ||     2
 Cast: Flame Tongue      |    65 |     5 ||    70
Armor: Robe              |     8 |       ||     8
Dodge: Dodged            |    36 |     1 ||    37
